 Dungeon Crawl Stone Soup version 0.17-a0-1464-g59a308b (webtiles) character file.

83 Malachi the Chucker (level 4, -1/45 HPs)
             Began as an Ogre Hunter on July 1, 2015.
             Slain by an orc wizard
             ... wielding a +0 dagger
              (3 damage)
             ... on level 3 of the Dungeon.
             The game lasted 00:04:18 (2738 turns).

Malachi the Chucker (Ogre Hunter)                   Turns: 2738, Time: 00:04:18

Health: -1/45      AC:  3    Str: 18    XL:     4   Next: 44%
Magic:  4/4        EV: 10    Int: 10    God:
Gold:   127        SH:  0    Dex: 10    Spells: 0 memorised, 3 levels left

rFire  . . .     SeeInvis .     c - +0 short sword
rCold  . . .     Clarity  .     v - +0 animal skin
rNeg   . . .     SustAt   .     (no shield)
rPois  .         Gourm    .     (helmet restricted)
rElec  .         Spirit   .     (no cloak)
rCorr  .         Warding  .     (gloves unavailable)
rMut   .         Stasis   .     (boots unavailable)
MR     .....                    (no amulet)
Stlth  +.........               (no ring)
                                (no ring)

@: not resistant to hostile enchantments, very unstealthy
A: unfitting armour, tough skin 1
a: no special abilities


You were on level 3 of the Dungeon.
You were not hungry.

You visited 1 branch of the dungeon, and saw 3 of its levels.

You collected 127 gold pieces.

Inventory:

Hand weapons
 c - a +0 short sword (weapon)
Missiles
 b - a throwing net (quivered)
Armour
 d - a +0 robe
 v - a +0 animal skin (worn)
Scrolls
 g - 2 scrolls of amnesia {unknown}
 j - a scroll of fear {unknown}
 l - a scroll of random uselessness {unknown}
 n - a scroll of blinking {unknown}
 o - a scroll of teleportation {unknown}
 p - 2 scrolls of fog {unknown}
 q - a scroll of remove curse {unknown}
 t - 2 scrolls of identify {unknown}
 w - a scroll of enchant armour {unknown}
Potions
 f - a potion of might {unknown}
 i - a potion of magic {unknown}
 k - 2 potions of curing {unknown}
 m - a potion of agility
 r - a potion of invisibility {unknown}
 s - a potion of cancellation {unknown}
 u - a potion of haste {unknown}
Comestibles
 e - a bread ration
 h - 2 meat rations
 x - a chunk of flesh


   Skills:
 + Level 3.1 Fighting
 + Level 0.3 Short Blades
 + Level 5.2 Throwing
 + Level 2.6 Dodging
 + Level 1.4 Stealth


You had 3 spell levels left.
You didn't know any spells.

Dungeon Overview and Level Annotations

Branches:
Dungeon (3/15)

Altars:
Trog


Innate Abilities, Weirdness & Mutations

You are too large for most types of armour.
You have tough skin (AC +1).


Message History

Throwing (i - inventory. (,) - cycle):
a - 2 large rocks (quivered)
Press: ? - help, Shift-Dir - straight line You throw a large rock.
The large rock hits Clst's ghost!!
You destroy Clst's ghost!
A magic dart appears from out of thin air!
The magic dart hits you!
* * * LOW HITPOINT WARNING * * *
Throwing (i - inventory. (,) - cycle):
a - a large rock (quivered)
Press: ? - help, Shift-Dir - straight line, f - you
Okay, then.
Throwing (i - inventory. (,) - cycle):
a - a large rock (quivered)
Press: ? - help, Shift-Dir - straight line You throw a large rock.
You hear some strange, mumbled words.
A puff of flame appears from out of thin air!
The puff of flame misses you.
Throwing (i - inventory):
b - 2 throwing nets (quivered)
Press: ? - help, Shift-Dir - straight line You throw a throwing net.
Something hits you.
You die...

##'####. .. #......# ..#
#......# ... #......# #.#
#)..... #.# #.... #.#
.########'#######.###.#.#
.........(...†.(@........
...##.###.#######.###.#.
#.......................#
#..##.###.#######.###.###
#..##'###.#### #...
+.....<....... ......
##.....##.#### #......#
#.....##.# #......#
.......+... #......#


There were no monsters in sight!

Vanquished Creatures
  3 adders (D:2)
  4 worms
  The ghost of Clst the Charmwright, a weakling MfSk (D:3)
  2 giant geckos
  An orc (D:2)
  A ball python (D:3)
  2 giant cockroaches
  5 hobgoblins
  5 kobolds
  A quokka (D:2)
  4 bats (D:1)
  4 giant newts (D:2)
  3 goblins
  5 rats
41 creatures vanquished.

Notes
Turn   | Place    | Note
--------------------------------------------------------------
     0 | D:1      | Malachi the Ogre Hunter began the quest for the Orb.
     0 | D:1      | Reached XP level 1. HP: 22/22 MP: 1/1
   339 | D:1      | Reached XP level 2. HP: 22/29 MP: 2/2
  1252 | D:2      | Reached skill level 5 in Throwing
  1340 | D:2      | Reached skill level 1 in Stealth
  1340 | D:2      | Reached XP level 3. HP: 9/36 MP: 3/3
  2140 | D:2      | Found a bloodstained altar of Trog.
  2151 | D:2      | Reached XP level 4. HP: 15/45 MP: 4/4
  2657 | D:3      | Noticed Clst's ghost (weakling MfSk)
  2736 | D:3      | Killed Clst's ghost
  2736 | D:3      | HP: 1/45 [something/magic dart (9)]
  2738 | D:3      | Slain by an orc wizard

Vault maps used:
D:1:      tarquinn_simple_flora_water_c, kennysheep_nondescript
D:2:      st_stairs_3, trog_butcher_becter
D:3:      lemuel_coloured_pillars_altar, nicolae_tso_swordbearing_angel,
          hangedman_ru_absence

Action                   |  1- 3 |  4- 6 || total
-------------------------+-------+-------++-------
Melee: Short sword       |   113 |    51 ||   164
Throw: Large rock        |    10 |    15 ||    25
       Throwing net      |       |     4 ||     4
 Stab: Sleeping          |     1 |       ||     1
       Held in net/web   |       |     1 ||     1
  Eat: Chunk             |     4 |     2 ||     6
